[Event "Singapore Open-A 2024"]
[Site "Singapore"]
[Date "2024.11.29"]
[Round "1.1"]
[White "Nitin, S.."]
[Black "Murzin, Volodar"]
[Result "0-1"]
[ECO "B46"]
[WhiteElo "2341"]
[BlackElo "2664"]
[Annotator "TA"]
[PlyCount "86"]
[EventDate "2024.11.29"]
[EventType "swiss"]
[EventCountry "SIN"]
[SourceTitle "playchess.com"]
[Source "ChessBase"]
[SourceQuality "1"]
[TimeControl "5400+30"]

1. e4 c5 2. Nf3 e6 3. d4 cxd4 4. Nxd4 Nc6 5. Nc3 a6 6. Nxc6 bxc6 7. Bd3 d5 8. O-O Nf6 9. Qe2 Be7 10. b3 O-O 11. Bb2 Bb7 12. Rad1 Qc7 13. Rfe1 Rfd8 14. h3 Bf8 15. Qf3 {[%emt 0:32:54] The position is equal.} c5 16. e5 d4 17. Ne4 Nxe4 18. Bxe4 Bd5 19. c3 Bxe4 20. Rxe4 Qa5 $132 {[%emt 0:00:37][%mdl 2048] Black is not keeping still} 21. Ra1 Rac8 22. cxd4 c4 23. Re3 Qb5 (23... g6 $11) 24. Rb1 (24. Rc1 $16) 24... g6 25. Qe4 Qa5 {[%emt 0:00:29] [#]} 26. a3 $1 cxb3 (26... Bxa3 $2 27. Ra1 $18 (27. Bxa3 Qxa3 28. bxc4 Qa4 $11)) (26... Qb5 27. bxc4) 27. Rxb3 Qa4 28. Qf3 Rb8 29. Ba1 Rb5 30. Rxb5 axb5 31. Qb3 Rc8 $1 32. Kh2 (32. Bc3 $11 {keeps the balance.}) 32... Bxa3 $17 33. d5 {[%emt 0:00:32] [#]} (33. Qxb5 Qxb5 34. Rxb5 Rc1) 33... Rc1 $1 34. Qxa4 bxa4 {[%emt 0:00:02][%mdl 4096] Endgame. KRB-KRB} 35. Rb8+ {[%emt 0:00:18] [#]} Kg7 $1 36. Bd4 Rc4 ({Reject} 36... exd5 $6 37. e6+ f6 38. g3 $11) (36... Rd1 $17 37. Be3 h6 (37... exd5 38. Bg5 $11) (37... Rxd5 38. Ra8 $15)) 37. Be3 $11 exd5 {[%emt 0:00:11] White must now prevent ...Re4.} 38. Bg5 Bc1 39. Bxc1 (39. Bf6+ $11 Kh6 40. Rb7) 39... Rxc1 $17 40. Ra8 Rc4 {[%emt 0:00:49] And now ...d4 would win.} 41. Ra5 $2 (41. Kg3 $17 {was worth a try.}) 41... d4 $19 {[%emt 0:00:17] Hoping for ...d3.} 42. Kg3 d3 43. Kf3 $2 (43. Rd5 Rb4 (43... Rc3 44. Kf3 $17) 44. f3) 43... Rd4 {[%emt 0:00:11] Weighted Error Value: White=0.52/Black=0.10 (very precise) .  Loses game:     	White=1     	---        Mistake:       	White=4     	Black=2      Inaccurate:     	White=1     	Black=1      OK:         	White=8     	Black=10     Best:        	White=5     	Black=4      Strong:       	---       	Black=3} 0-1

[Event "Singapore Open-A 2024"]
[Site "Singapore"]
[Date "2024.11.29"]
[Round "1.2"]
[White "Pichot, Alan"]
[Black "Chan, Yi Ren Daniel"]
[Result "1/2-1/2"]
[ECO "C78"]
[WhiteElo "2649"]
[BlackElo "2324"]
[Annotator "RC"]
[PlyCount "120"]
[EventDate "2024.11.29"]
[EventType "swiss"]
[EventCountry "SIN"]
[SourceTitle "playchess.com"]
[Source "ChessBase"]
[SourceQuality "1"]
[TimeControl "5400+30"]

1. e4 e5 2. Nf3 Nc6 3. Bb5 a6 4. Ba4 Nf6 5. O-O b5 6. Bb3 Bc5 7. a4 Rb8 8. c3 d6 9. d4 Bb6 10. a5 Ba7 11. h3 Bb7 12. Be3 Nxe4 13. d5 Bxe3 14. dxc6 Nxf2 15. Qe2 Nxh3+ 16. Kh1 Bc5 17. cxb7 Nf4 18. Qe4 O-O 19. g3 d5 20. Qxe5 Bd6 21. Qg5 Ne2 22. Qxd8 Nxg3+ 23. Kg2 Rfxd8 24. Bxd5 Nxf1 25. Kxf1 Bf4 26. c4 Rd6 27. Nd4 Kf8 28. cxb5 Be3 29. Nc6 Rxb7 30. Nc3 Rxb5 31. Nxb5 Rxd5 32. Ke2 Rxb5 33. Kxe3 Rxb2 34. Ra4 Rh2 35. Rb4 g5 36. Rb8+ Kg7 37. Ra8 h5 38. Rxa6 h4 39. Kf3 Ra2 40. Nd4 f6 41. Nf5+ Kg6 42. Ne7+ Kh5 43. Nd5 g4+ 44. Ke4 Ra4+ 45. Ke3 Ra3+ 46. Kf4 Rf3+ 47. Ke4 f5+ 48. Ke5 h3 49. Ra8 Kh4 50. Ne7 Kg3 51. Nxf5+ Kf2 52. Rh8 Ra3 53. Kf4 Ra4+ 54. Kg5 Kg1 55. Rb8 h2 56. Rb1+ Kg2 57. Rb2+ Kh3 58. Rb3+ Kg2 59. Rb2+ Kh3 60. Rb3+ Kg2 1/2-1/2

[Event "Singapore Open-A 2024"]
[Site "Singapore"]
[Date "2024.11.29"]
[Round "1.3"]
[White "Murshed, Niaz"]
[Black "Indjic, Aleksandar"]
[Result "0-1"]
[ECO "A75"]
[WhiteElo "2323"]
[BlackElo "2623"]
[Annotator "TA"]
[PlyCount "60"]
[EventDate "2024.11.29"]
[EventType "swiss"]
[EventCountry "SIN"]
[SourceTitle "playchess.com"]
[Source "ChessBase"]
[SourceQuality "1"]
[TimeControl "5400+30"]

1. d4 Nf6 2. c4 e6 3. Nf3 c5 4. d5 d6 5. Nc3 exd5 6. cxd5 g6 7. e4 a6 8. a4 Bg4 9. Be2 Bxf3 10. Bxf3 Nbd7 11. O-O Bg7 12. Bf4 Qe7 13. Re1 O-O 14. a5 Rab8 15. Be2 Rfe8 16. Bf1 h5 (16... Nh5 $11 17. Be3 Bxc3 18. bxc3 Qxe4) 17. Qd2 $16 Nh7 18. h3 g5 19. Be3 g4 20. Bf4 Ne5 21. hxg4 hxg4 22. Nd1 Ng6 23. Bh6 (23. Bh2 $11 {keeps the balance.}) 23... Bd4 $17 24. g3 {[%emt 0:08:44] Wards off Qh4} Ne5 (24... Nf6 $17 25. Bg2 Qe5) 25. Bg2 $15 Qf6 26. Bf4 $1 Qg6 27. Ne3 Bxe3 28. Qxe3 Qh5 29. Rf1 Nf6 {[%emt 0:01:14] [#] Hoping for ...Nf3+.} 30. Rad1 $2 (30. Qc3 $11) 30... Nf3+ {[%emt 0:01:23] Weighted Error Value: White=0.49/Black=0.14 (very precise) .  Loses game:     	White=1     	---        Mistake:       	White=1     	Black=2      Inaccurate:     	White=3     	---        OK:         	White=4     	Black=3      Best:        	---       	Black=2      Strong:       	White=1     	---} 0-1

[Event "Singapore Open-A 2024"]
[Site "Singapore"]
[Date "2024.11.29"]
[Round "1.4"]
[White "Lu, Shanglei"]
[Black "Aquino, Jethro Dino"]
[Result "1/2-1/2"]
[ECO "B22"]
[WhiteElo "2609"]
[BlackElo "2321"]
[Annotator "TA"]
[PlyCount "44"]
[EventDate "2024.11.29"]
[EventType "swiss"]
[EventCountry "SIN"]
[SourceTitle "playchess.com"]
[Source "ChessBase"]
[SourceQuality "1"]
[TimeControl "5400+30"]

1. e4 c5 2. Nf3 e6 3. c3 Nf6 4. e5 Nd5 5. a3 d6 6. d4 cxd4 7. c4 Nc7 8. exd6 {[%emt 0:06:57] The position is equal.} Qxd6 9. Qxd4 Qxd4 10. Nxd4 e5 {[%emt 0:00:21] Wards off Bf4} 11. Nb5 Nxb5 12. cxb5 Be6 13. Nc3 Nd7 14. Be2 f5 15. Be3 Bc5 16. Rc1 Bxe3 17. fxe3 Ke7 18. O-O Rac8 19. Na4 Bb3 20. Nc3 Be6 21. Na4 $1 Bb3 22. Nc3 Be6 {[%emt 0:00:05] Weighted Error Value: White=0.08 (flawless) /Black=0.13 (very precise) .  Mistake:       	---       	Black=1      Inaccurate:     	White=2     	---        OK:         	White=5     	Black=6      Best:        	---       	Black=1      Strong:       	White=1     	---} (22... g6 $17) 1/2-1/2

[Event "Singapore Open-A 2024"]
[Site "Singapore"]
[Date "2024.11.29"]
[Round "1.5"]
[White "Frayna, Janelle Mae"]
[Black "Karthik Venkataraman"]
[Result "0-1"]
[ECO "A37"]
[WhiteElo "2314"]
[BlackElo "2605"]
[Annotator "TA"]
[PlyCount "104"]
[EventDate "2024.11.29"]
[EventType "swiss"]
[EventCountry "SIN"]
[SourceTitle "playchess.com"]
[Source "ChessBase"]
[SourceQuality "1"]
[TimeControl "5400+30"]

1. Nf3 c5 2. c4 Nc6 3. g3 g6 4. Bg2 Bg7 5. Nc3 d6 6. O-O Bg4 7. h3 Bxf3 8. Bxf3 e6 9. d3 Nge7 {[%emt 0:00:14] The position is equal.} 10. Bg5 h6 11. Bd2 O-O 12. a3 Qd7 13. Qa4 d5 14. Bg2 a6 15. cxd5 exd5 16. Rac1 $1 b5 17. Qd1 Rac8 18. e4 Ne5 19. Bf4 dxe4 20. Bxe5 Bxe5 21. dxe4 Qe6 22. Qd2 h5 23. f4 Rfd8 24. Nd5 {[%emt 0:00:00] White is on the road to losing.} (24. Qe2 $15 Bd4+ 25. Kh2) 24... Bd4+ $17 25. Kh2 Nxd5 26. exd5 Qf6 27. Rc2 Re8 28. b4 {[%emt 0:00:00] White is weak on the dark squares} h4 {[%emt 0:02:21] Black is more active.} 29. g4 (29. gxh4 $17 {was called for.} Be3 (29... Qxh4 $2 30. Kh1 $17) 30. Qd1) 29... Be3 $19 30. Qc3 Bxf4+ 31. Kh1 Qxc3 32. Rxc3 Bd6 33. Rcf3 (33. bxc5 $142 Rxc5 34. Rxc5 Bxc5 35. d6) 33... cxb4 34. axb4 Re7 ({Don't take} 34... Bxb4 35. Rxf7 Rcd8 36. R7f6 $17) 35. Ra3 Ra7 36. Rfa1 Rca8 37. Rb1 a5 38. Rxa5 Rxa5 39. bxa5 Rxa5 {[%emt 0:00:04][%mdl 4096] Endgame. KRB-KRB} 40. Bf1 b4 41. Bc4 Ra7 42. Rb2 (42. Rb3 $142) 42... Re7 43. Re2 Rxe2 44. Bxe2 {[%emt 0:00:01] KB-KB} Kg7 45. Kg2 Kf6 46. Kf3 Ke5 47. Bc4 {[%emt 0:04:49] [#]} (47. Bb5) 47... Kd4 48. Ba2 Kc3 {[%emt 0:01:11] Black mates.} 49. g5 Kc2 50. Bc4 {[%emt 0:00:21] [#]} b3 $1 51. Ke4 b2 52. Kd4 b1=Q {[%emt 0:00:50] Weighted Error Value: White=0.37/Black=0.08 (flawless) .  Mistake:       	White=5     	---        Inaccurate:     	White=2     	---        OK:         	White=9     	Black=17     Best:        	White=2     	Black=2      Strong:       	White=1     	---} 0-1

[Event "Singapore Open-A 2024"]
[Site "Singapore"]
[Date "2024.11.29"]
[Round "1.6"]
[White "Nesterov, Arseniy"]
[Black "John Veny Akkarakaran"]
[Result "1-0"]
[ECO "D37"]
[WhiteElo "2599"]
[BlackElo "2310"]
[Annotator "TA"]
[PlyCount "205"]
[EventDate "2024.11.29"]
[EventType "swiss"]
[EventCountry "SIN"]
[SourceTitle "playchess.com"]
[Source "ChessBase"]
[SourceQuality "1"]
[TimeControl "5400+30"]

1. d4 e6 2. c4 Nf6 3. Nf3 d5 4. Nc3 a6 5. cxd5 exd5 6. Bg5 {[%emt 0:00:06] D37: Queen's Gambit Declined: 5 Bf4.} Be6 7. e3 Nbd7 8. Bd3 Bd6 9. O-O c6 10. h3 Qc7 11. Qd2 h6 12. Bf4 O-O 13. Rfe1 Nb6 14. b3 Rfe8 15. Rac1 Re7 $146 ({Predecessor:} 15... Qe7 16. Bxd6 Qxd6 17. Ne5 Rac8 18. Bb1 Rc7 19. Ne2 Ne4 20. Qa5 Nc8 21. Nf4 Rce7 22. Bxe4 dxe4 {0-1 Le,Q (2731)-Caruana,F (2795) Saint Louis Rapid 2023 (6)}) 16. Bxd6 Qxd6 17. Ne5 Rc7 18. Ne2 Rac8 19. Nf4 Nbd7 20. Qb2 c5 21. Nxd7 Nxd7 22. dxc5 Rxc5 23. Rcd1 Qe7 24. Bb1 Nf6 25. Qd4 Rc3 26. Qe5 Qc7 27. Qxc7 R8xc7 28. Ne2 R3c5 29. f3 Kf8 30. Kf2 a5 31. Nd4 Bd7 32. g4 b5 33. h4 Ne8 34. Rd2 b4 35. Red1 Rc1 36. Ne2 Rxd1 37. Rxd1 Be6 38. Nf4 Rc5 39. Bd3 Ke7 40. Ke1 Nc7 41. Kd2 Bc8 42. Ra1 Ba6 43. Bxa6 Nxa6 44. Ne2 Nc7 45. a3 Na6 46. Nd4 bxa3 47. Rxa3 Nb4 48. Ra1 g6 49. f4 Kf6 50. h5 gxh5 51. gxh5 Na6 52. Rg1 Rc8 53. Ra1 Rc5 54. Rg1 Rc8 55. Ke2 Nb4 56. Rd1 Rc3 57. Kf3 Rc8 58. Ra1 Rc5 59. Kg4 Nd3 $1 60. Kg3 Nb4 61. Kf3 Nd3 62. Rd1 (62. Ke2 $5 Nb4 $8 63. Kf3 $11) 62... Nb4 63. Rd2 Rc3 64. Rd1 Rc5 65. Kg4 Rc3 66. Nf5 Rxb3 67. e4 Rb2 (67... Nd3 $1 $11 {remains equal.} 68. e5+ (68. Nxh6 $2 Nf2+ 69. Kh4 Rh3#) 68... Ke6 69. Nd4+ (69. Nxh6 $2 Nf2+ 70. Kg5 Rg3+ 71. Kh4 Rh3+ 72. Kg5 Nxd1 $19) 69... Ke7 70. Nxb3 Nf2+ 71. Kf3 Nxd1 72. Nxa5 Nc3) 68. e5+ $16 (68. Nxh6 dxe4 69. Rd6+ Kg7 $11) 68... Ke6 69. Ra1 (69. Nxh6 $14 a4 70. Kg5) 69... Rg2+ 70. Kf3 Rh2 (70... Kxf5 $11 71. Kxg2 Kxf4) 71. Ng7+ (71. Nxh6 Rxh5 72. Ng4 Nc6 $15) 71... Kd7 72. Rxa5 d4 73. Rb5 $1 (73. Ra7+ $6 Kc6 $11) 73... Nc2 74. Rb6 $1 (74. Rb7+ $6 Kc6 75. Rxf7 d3 76. Rf6+ Kc5 $11) 74... Ne1+ 75. Ke4 d3 76. Rxh6 Re2+ $2 (76... d2 $16 {keeps fighting.} 77. Rd6+ Kc8) 77. Kf5 $18 d2 78. Rd6+ Ke7 79. h6 $1 Rh2 80. Kg4 Nc2 $2 (80... Kf8 81. Rd8+ Ke7) 81. Kg3 $2 (81. Nf5+ Ke8 82. Kg5 (82. Kg3 Rxh6 83. Rxd2 Rc6 $16) 82... Rg2+ 83. Kh5 Rh2+ 84. Nh4) 81... Rxh6 $18 82. Nf5+ ({And not} 82. Rxd2 Rg6+ 83. Kf2 Rxg7 $11) 82... Ke8 {[%emt 0:00:01] [#]} 83. Rxd2 $1 ({Not} 83. Nxh6 Ne3 $16) 83... Rg6+ $2 {[%emt 0:00:04] [#]} (83... Rc6 84. Kg4 Nb4) 84. Kf3 $1 $18 Nb4 (84... Rc6 {was necessary.} 85. Rh2 Ne1+ 86. Kg3 Nd3) 85. Rb2 Nc6 $2 (85... Rb6 86. Nd6+ Kf8) 86. Rb7 $18 Nd8 87. Ra7 Rb6 88. Nd6+ Kf8 89. Ra8 Rb3+ 90. Ke4 Ke7 91. Ra7+ Kf8 92. Rd7 Rb8 93. f5 Ra8 94. f6 Kg8 95. Kf5 Rb8 96. Re7 Nc6 97. Rxf7 Rb1 98. Rg7+ Kf8 99. Rc7 Nd8 100. Rc8 Rf1+ 101. Kg4 Rg1+ 102. Kf3 Rf1+ 103. Kg2 1-0

[Event "Singapore Open-A 2024"]
[Site "Singapore"]
[Date "2024.11.29"]
[Round "1.7"]
[White "Tin, Jingyao"]
[Black "Novita, Anjas"]
[Result "1-0"]
[ECO "E47"]
[WhiteElo "2588"]
[BlackElo "2350"]
[Annotator "TA"]
[PlyCount "101"]
[EventDate "2024.11.29"]
[EventType "swiss"]
[EventCountry "SIN"]
[SourceTitle "playchess.com"]
[Source "ChessBase"]
[SourceQuality "1"]
[TimeControl "5400+30"]

1. d4 Nf6 2. c4 e6 3. Nc3 Bb4 4. e3 O-O 5. Bd3 Bxc3+ 6. bxc3 {[%emt 0:00:09] E47: Nimzo-Indian: Rubinstein: 5 Bd3 without ...d5.} c5 7. e4 d6 8. e5 dxe5 9. dxe5 Nfd7 10. Nf3 h6 11. O-O Nc6 12. Bf4 $146 ({Predecessor:} 12. Re1 Qc7 13. Qe2 Rd8 14. Bc2 Ne7 15. Bf4 Nf8 16. h4 b6 17. h5 Bb7 18. Nh2 {1-0 Fernandez,M (2138)-Brito,L (2282) Joao Pessoa op 08 2013 (3)}) 12... Qc7 13. Qe2 (13. Qc1 $16) 13... f5 $1 $11 14. Qe3 Rf7 15. h4 b6 16. h5 Qd8 17. Rfd1 Ba6 18. Bg3 Na5 19. Qf4 Qe8 20. Nd2 Nf8 21. Nb3 Qa4 22. Be2 Rd7 ({Black should play} 22... Nc6 $11) 23. Rxd7 $14 Nxd7 24. Nxa5 Qxa5 25. Qd2 Nf8 26. a4 Bb7 {[%emt 0:00:46] [#]} 27. Bh4 (27. Ra3 $1 $16) 27... Re8 28. Ra3 Qa6 $1 29. Bf1 Bc6 30. Qd6 Qb7 31. a5 Rc8 32. axb6 axb6 33. Bd8 Qb8 (33... Kf7 $14) 34. Qxb8 $16 Rxb8 35. Bc7 Rc8 36. Ra7 ({But not} 36. Bxb6 $6 Nd7 37. Ra6 Nxe5 $11) 36... Nd7 {[%emt 0:09:26] [#]} (36... g5 $16) 37. Bd6 $1 $18 Kf7 (37... Nf8 {might work better.} 38. Be2 g6 39. Bxf8 Rxf8 40. hxg6 Ra8) 38. g4 $18 f4 39. Bg2 f3 40. Bf1 Ke8 (40... g6 {keeps fighting.} 41. hxg6+ Kxg6) 41. Bd3 $18 Kd8 (41... Kf7 {is a better defense.} 42. Bg6+ Kg8) 42. Bg6 $18 b5 43. Bf7 bxc4 44. Bxe6 Ra8 45. Bxd7 Rxa7 46. Bxc6 Ra6 47. Bb5 Ra5 48. Bxc4 Kd7 49. Bf7 Kc6 50. c4 Ra2 51. Bd5+ 1-0

[Event "Singapore Open-A 2024"]
[Site "Singapore"]
[Date "2024.11.29"]
[Round "1.8"]
[White "Sethuraman, S.P."]
[Black "Bacojo, Mark Jay"]
[Result "1-0"]
[ECO "B90"]
[WhiteElo "2586"]
[BlackElo "2308"]
[Annotator "TA"]
[PlyCount "79"]
[EventDate "2024.11.29"]
[EventType "swiss"]
[EventCountry "SIN"]
[SourceTitle "playchess.com"]
[Source "ChessBase"]
[SourceQuality "1"]
[TimeControl "5400+30"]

1. e4 c5 2. Nf3 d6 3. d4 cxd4 4. Nxd4 Nf6 5. Nc3 a6 6. Be3 e5 7. Nb3 Be6 8. h3 d5 9. exd5 Nxd5 10. Nxd5 {[%emt 0:01:00] White is slightly better.} Bxd5 11. Qh5 {[%emt 0:09:57] aiming for 0-0-0.} Qc7 12. O-O-O Be6 13. Bd3 Nc6 14. Be4 {[%emt 0:02:46] White has more active pieces.} (14. Bxh7 $2 Nb4 15. Rd2 g6 $19 (15... Nxa2+ $2 16. Kb1 $19)) 14... Nb4 15. Kb1 (15. Bxh7 $2 g6 (15... Nxa2+ $2 16. Kb1 $19) 16. Qe2 Rc8 $19 (16... Rxh7 $2 17. Kb1 $19)) 15... g6 {[%emt 0:15:12] [#]} 16. Qf3 $36 {[%emt 0:30:12][%mdl 2048] White has strong initiative.} a5 $2 {[%emt 0:13:00] [#]} (16... Be7 $16) 17. a3 (17. Bxb7 Rb8 (17... Qxc2+ 18. Ka1 $16) 18. c3 (18. Be4 f5 $15) 18... Qxb7 $17 (18... Rxb7 19. cxb4 Rxb4 20. Rc1 $16)) (17. c3 $1 $18 {[%cal Rc3b4] and the rest is easy.} a4 18. cxb4 (18. Bxb7 axb3 19. a3 Bf5+ 20. Be4 Bxe4+ 21. Qxe4 Nc6 $19) 18... axb3 19. Rc1 (19. Bxb7 $2 Qc2+ 20. Ka1 Rxa2#)) 17... a4 $16 18. Nc1 (18. Bxb7 $2 {too greedy.} Qxc2+ (18... Nxc2 $2 19. Bc6+ $18) (18... axb3 $2 19. c3 $17) 19. Ka1 Qxb3 $19 (19... Rb8 $2 20. axb4 f5 21. Nc5 $18)) 18... Nc6 19. Bd5 Bf5 (19... Bxd5 $16 20. Rxd5 (20. Qxd5 Bg7 $16) 20... Bg7) 20. Nd3 $18 Bg7 21. g4 Bxd3 22. Rxd3 {[%emt 0:00:07][%cal Oe3b6] Bb6! would now be deadly.} ({Don't take} 22. cxd3 $6 Qd7 $16) 22... O-O 23. c3 {[%emt 0:00:49] Prevents Nd4} Rfe8 24. Qe4 Ne7 25. Ba2 {[%emt 0:04:11] A strong pair of Bishops.} b5 (25... Qc6 {was called for.} 26. f3 Rad8) 26. Rhd1 Rad8 {[%emt 0:01:48] Wards off Rd7} 27. Qf3 Nc6 {[%emt 0:00:06] [#] Threatens to win with ...Rxd3.} 28. Bxf7+ $1 Qxf7 29. Qxc6 Rxd3 30. Rxd3 {[%emt 0:00:06] White is clearly winning.} Rb8 31. Rd7 Qf8 32. Ba7 Rc8 33. Qxb5 Kh8 34. Qxa4 h5 35. Qe4 hxg4 36. hxg4 Kh7 37. Be3 {[%emt 0:00:26][%cal Oe4b7] And now Qb7! would win.} Qf6 38. Qh1+ Kg8 39. Qd5+ Kh7 40. Qf7 {[%emt 0:01:13] Weighted Error Value: White=0.11 (very precise) /Black=0.36.  Mistake:       	White=1     	Black=3      Inaccurate:     	---       	Black=3      OK:         	White=14    	Black=6      Best:        	White=2     	Black=3} 1-0

[Event "Singapore Open-A 2024"]
[Site "Singapore"]
[Date "2024.11.29"]
[Round "1.9"]
[White "Nolte, Rolando"]
[Black "Vaibhav, Suri"]
[Result "1-0"]
[ECO "B90"]
[WhiteElo "2307"]
[BlackElo "2586"]
[Annotator "TA"]
[PlyCount "83"]
[EventDate "2024.11.29"]
[EventType "swiss"]
[EventCountry "SIN"]
[SourceTitle "playchess.com"]
[Source "ChessBase"]
[SourceQuality "1"]
[TimeControl "5400+30"]

1. e4 c5 2. Nf3 d6 3. d4 cxd4 4. Nxd4 Nf6 5. Nc3 a6 6. Be3 Nbd7 7. f3 b5 8. a4 b4 9. Nc6 Qc7 {[%emt 0:00:07] White is slightly better.} 10. Nxb4 e6 {[%emt 0:00:07][%cal Od6d5] Dodges Ncd5} 11. Nd3 Rb8 12. Be2 $36 {[%emt 0:08:06][%mdl 2048] White has strong initiative.} Ne5 13. O-O ({Better is} 13. Nxe5 $16 dxe5 14. a5) 13... Nc4 $14 14. Bc1 d5 (14... Be7 $14) 15. exd5 $16 Bd6 16. Kh1 (16. dxe6 {simplifies} Bxe6 17. Kh1 O-O 18. f4) 16... O-O ({Black should play} 16... exd5 17. Bg5 Be6) 17. b3 Ne3 18. Bxe3 Qxc3 19. dxe6 Bxe6 20. Qd2 Qc7 21. Bd4 (21. Nf4 $18) 21... Rfc8 22. Rac1 a5 23. Qg5 h6 24. Qh4 Nd5 {[%emt 0:00:20] [#]} 25. f4 $1 {[%emt 0:01:33] Strongly threatening f5.} Ne7 26. Bg4 {[%emt 0:01:21] And now f5 would win.} Qd7 27. Bxe6 Qxe6 28. Be5 Rb7 $2 {[%emt 0:05:09] [#]} (28... Bxe5 {was worth a try.} 29. fxe5 Rc3) 29. Bxd6 Qxd6 30. f5 (30. Ne5 $18) 30... Rbc7 31. Qf2 Qf6 32. h3 (32. c4 $18) 32... Rc3 33. Kg1 h5 (33... Nd5 $142) 34. Nb2 R8c5 (34... R3c5 $16 35. Nc4 Qxf5) 35. Nc4 $18 Rxf5 36. Qd2 Nd5 $2 (36... g6 {is tougher.} 37. Rce1 Rxf1+ (37... Rxc4 $2 38. bxc4 Qb6+ 39. Qe3 $18) 38. Rxf1 Nf5) 37. Rxf5 {[%emt 0:00:00] White is clearly winning.} (37. Nxa5 $2 Qb6+ 38. Rf2 Rxf2 39. Qxf2 Qxa5 $19) 37... Qxf5 38. Rf1 {[%emt 0:00:53][%cal Bc1f1,Bf1e1,Be1e5][%mdl 32] Wards off Nf4} (38. Nxa5 Nf4 39. Kh1 (39. Qxc3 $2 {too greedy.} Ne2+ 40. Kh1 Nxc3 $19) 39... Rxh3+ 40. gxh3 Qxh3+ 41. Kg1 Qg3+ 42. Kf1 Qf3+ 43. Qf2 Qh1+ 44. Qg1 Qf3+ 45. Qf2 Qh1+ 46. Qg1 Qf3+ 47. Qf2 $11) 38... Qe4 39. Re1 (39. Nxa5 Rxc2 40. Re1 Qf5 41. Re8+ Kh7 $14) 39... Qf5 40. Re5 ({Less strong is} 40. Nxa5 Rxc2 41. Re8+ Kh7 $16) 40... Qg6 41. Qxd5 Rxc2 42. Qe4 {[%emt 0:00:35] Weighted Error Value: White=0.16 (very precise) /Black=0.43.  Mistake:       	White=4     	Black=6      Inaccurate:     	White=2     	Black=2      OK:         	White=15    	Black=10     Best:        	White=4     	Black=3      Strong:       	White=1     	---} 1-0

[Event "Singapore Open-A 2024"]
[Site "Singapore"]
[Date "2024.11.29"]
[Round "1.10"]
[White "Piorun, Kacper"]
[Black "Cabe, Arlan"]
[Result "1-0"]
[ECO "A15"]
[WhiteElo "2580"]
[BlackElo "2305"]
[Annotator "TA"]
[PlyCount "79"]
[EventDate "2024.11.29"]
[EventType "swiss"]
[EventCountry "SIN"]
[SourceTitle "playchess.com"]
[Source "ChessBase"]
[SourceQuality "1"]
[TimeControl "5400+30"]

1. c4 Nf6 2. Nf3 c6 3. g3 g6 4. b3 Bg7 5. Bb2 d6 6. Bg2 e5 7. d3 Nbd7 8. O-O O-O 9. Nc3 Qe7 10. Rb1 Rd8 11. Nd2 {[%emt 0:06:34] The position is equal.} Nf8 12. e4 h5 13. Nf3 Bg4 14. Qe1 Qd7 15. Nd1 Ne6 16. Ne3 a5 17. Nh4 {[%emt 0:03:26] aiming for f3.} Nd4 18. f3 Bh3 19. f4 Bxg2 20. Kxg2 Nh7 (20... b5 $11) 21. f5 $14 (21. Bxd4 {simplifies} exd4 22. Nc2 c5 23. Na3) 21... g5 {[%emt 0:01:35] [#] Black is on the road to losing.} ({Black should play} 21... Qe8 $14) 22. f6 $1 $16 gxh4 (22... Nxf6 $16 {keeps fighting.} 23. Nhf5 Nxf5 24. Rxf5 Nh7) (22... Bxf6 23. Nhf5) 23. fxg7 $18 Ng5 $2 (23... h3+ {is a better defense.} 24. Kh1 Ne6) 24. g4 {[%emt 0:07:41] And now Bxd4 would win.} (24. gxh4 Qh3+ 25. Kh1 Nge6 26. Bxd4 Nxd4) 24... h3+ {[%emt 0:03:38] [#]} 25. Kh1 $1 {[%emt 0:00:13] Bxd4 would now be deadly.} Ndf3 {[%emt 0:00:20] [#]} 26. Qg3 (26. Rxf3 $1 $18 {and the rest is easy.} Nxf3 27. Qg3) 26... h4 $16 27. Qf2 Re8 $2 (27... d5) 28. Nf5 $18 d5 29. Bc1 {[%emt 0:03:37] Hoping for Bxg5.} (29. Nxh4 dxe4 30. Nxf3 (30. dxe4 Nd2 $11) 30... exf3 $14) 29... dxe4 30. Bxg5 (30. Nxh4 Qxg4 (30... Qxd3 $2 31. Bxg5 Nxg5 32. Qf5 $18) 31. Bxg5 Qxg5 (31... Nxg5 32. Rg1 $16) 32. dxe4 Qxh4 $18) 30... Nxg5 31. Qxh4 Nh7 32. Nh6+ Kxg7 33. Rxf7+ Qxf7 34. Nxf7 exd3 35. Qh6+ Kxf7 36. Rf1+ Ke7 37. Qxh7+ (37. c5 $142 Rf8 38. Qxh7+ Ke6 39. Qh6+ (39. Qxd3 Rxf1+ 40. Qxf1 a4 $18) 39... Kd5 40. Qd6+ (40. Rxf8 Rxf8 41. Qxf8 Ke6 $18) 40... Ke4 41. Re1+ (41. Rxf8 Rxf8 42. Qxf8 Kd4 $18) 41... Kf4 42. Qxe5+ (42. Qxd3 Rae8 43. Qg6 Rd8 44. Qh6+ Kf3 45. Qe3+ Kxg4 46. Qg3+ Kf5 47. Rxe5+ Kf6 48. Qg5+ Kf7 49. Re7#) 42... Kxg4 43. Qg3+ Kf5 44. Qf3+ (44. Qxh3+ Kf4 45. Qg3+ Kf5 46. Qf3+ Kg5 47. Rg1+ Kh6 48. Qh3#) 44... Kg6 45. Rg1+ Kh7 46. Qxh3#) 37... Kd6 38. Qxd3+ Kc5 39. Qe3+ Kb4 40. a3+ {[%emt 0:00:18] Weighted Error Value: White=0.18 (very precise) /Black=1.01.  Missed win:     	White=1     	---        Mistake:       	---       	Black=5      Inaccurate:     	White=3     	Black=1      OK:         	White=6     	Black=4      Best:        	White=1     	Black=1      Strong:       	White=1     	---        Brilliant:      	White=1     	---} 1-0